 Dungeon Crawl Stone Soup version 0.31.0-2-g5a2aebc5c2 (webtiles) character file.

Game seed: 17953341149188494148

9265 Aviak the Thaumaturge (level 11, -1/124 HPs)
             Began as a Gnoll Air Elementalist on Jan 20, 2024.
             Was a Believer of Vehumet.
             Slain by a vampire (5 damage)
             ... on level 10 of the Dungeon.
             The game lasted 00:23:12 (13720 turns).

Aviak the Thaumaturge (Gnoll Air Elementalist)     Turns: 13720, Time: 00:23:13

Health: -1/124     AC: 13    Str:  8    XL:     11   Next: 43%
Magic:  2/23       EV: 15    Int: 18    God:    Vehumet [**....]
Gold:   344        SH:  0    Dex: 19    Spells: 8/26 levels left

rFire   . . .        K - +7 spear "Lulej" {drain, ^Drain Fly rPois Will++}
rCold   . . .        (no shield)
rNeg    . . .        a - +0 acid dragon scales {rCorr}
rPois   +            (no helmet)
rElec   .            (no cloak)
rCorr   +            M - +0 pair of gloves
SInv    .            (no boots)
Will    ++...        q - amulet of the acrobat Stlth
                     r - +6 ring of dexterity
HPRegen 0.40/turn    (no ring)
MPRegen 0.18/turn

%: acrobat
@: berserking, ice-armoured, flying, very quick
A: fangs 1, strong nose, distributed training
a: Renounce Religion


You were on level 10 of the Dungeon.
You worshipped Vehumet.
Vehumet was pleased with you.
You visited 2 branches of the dungeon, and saw 11 of its levels.

You collected 618 gold pieces.
You spent 274 gold pieces at shops.

Inventory:

Hand Weapons
 t - a +2 whip of electrocution
 A - a +2 hand cannon of freezing
 J - a +0 broad axe
 K - the +7 spear "Lulej" (weapon) {drain, ^Drain Fly rPois Will++}
   (You took it off a kobold on level 9 of the Dungeon)

   rPois:     It protects you from poison Will++: It greatly increases your
   willpower.
   Fly:       It grants you flight.
   ^Drain:    It drains your maximum health when unequipped.
Missiles
 B - 7 throwing nets {!f}
Armour
 a - +0 acid dragon scales (worn) {rCorr}
 I - a +0 troll leather armour
 M - a +0 pair of gloves (worn)
Jewellery
 q - an amulet of the acrobat (around neck)
 r - a +6 ring of dexterity (left hand)
Talismans
 e - a flux talisman
 g - a serpent talisman
 G - a blade talisman
Wands
 j - a wand of flame (12)
 E - a wand of mindburst (10)
Scrolls
 d - 5 scrolls of identify {unknown}
 i - 2 scrolls of vulnerability {!r}
 m - 3 scrolls of enchant weapon {unknown}
 p - 2 scrolls of acquirement {unknown}
 s - 2 scrolls of amnesia {unknown}
 v - a scroll of fog {unknown}
 w - 2 scrolls of enchant armour {unknown}
 x - 2 scrolls of blinking
 y - 4 scrolls of teleportation {unknown}
 z - a scroll of summoning {unknown}
 C - 2 scrolls of fear {unknown}
 H - a scroll of poison {unknown}
 L - a scroll of revelation
Potions
 b - a potion of magic
 c - 2 potions of brilliance
 f - a potion of might {unknown}
 k - a potion of mutation {unknown}
 l - 2 potions of curing {unknown}
 n - 3 potions of berserk rage
 o - 3 potions of resistance {unknown}
 u - 2 potions of degeneration {unknown}
 D - 2 potions of ambrosia {unknown}
 F - a potion of invisibility {unknown}


   Skills:
 + Level 6.5 Fighting
 + Level 6.5 Short Blades
 + Level 6.5 Long Blades
 + Level 6.5 Axes
 + Level 6.5 Maces & Flails
 + Level 6.5 Polearms
 + Level 6.5 Staves
 + Level 6.5 Ranged Weapons
 + Level 6.5 Throwing
 + Level 6.5 Armour
 + Level 8.0 Dodging
 + Level 7.8 Stealth
 + Level 6.5 Shields
 + Level 6.5 Unarmed Combat
 + Level 8.3 Spellcasting
 + Level 5.9 Conjurations
 + Level 5.4 Hexes
 + Level 5.4 Summonings
 + Level 5.4 Necromancy
 + Level 5.4 Translocations
 + Level 5.4 Fire Magic
 + Level 5.4 Ice Magic
 + Level 7.8 Air Magic
 + Level 5.4 Earth Magic
 + Level 5.4 Alchemy
 + Level 7.1 Invocations
 + Level 6.5 Evocations
 + Level 5.9 Shapeshifting


You had 8 spell levels left.
You knew the following spells:

 Your Spells              Type           Power      Damage    Failure   Level
a - Shock                 Conj/Air       100%       1d9       1%          1
b - Static Discharge      Conj/Air       64%        3-6/arc   1%          2
c - Swiftness             Air            35%        N/A       1%          3
d - Airstrike             Air            17%        2d(3-19)  6%          4
e - Ozocubu's Armour      Ice            27%        N/A       4%          3
f - Confusing Touch       Hex            27%        N/A       4%          3
w - Mercury Vapours       Alch/Air       62%        N/A       1%          2

Your spell library contained the following spells:

 Spells                   Type           Power      Damage    Failure   Level
 Frozen Ramparts          Ice            54%        1d9       4%          3
 Apportation              Tloc           54%        N/A       1%          1
 Necrotise                Necr           100%       1d9       1%          1
 Slow                     Hex            100%       N/A       1%          1
 Sting                    Conj/Alch      100%       1d9       1%          1
 Summon Small Mammal      Summ           100%       N/A       1%          1
 Blink                    Tloc           54%        N/A       2%          2
 Lesser Beckoning         Tloc           54%        N/A       2%          2
 Momentum Strike          Conj/Tloc      54%        3d9       2%          2
 Sigil of Binding         Hex            27%        N/A       4%          3
 Stone Arrow              Conj/Erth      54%        3d10      4%          3
 Vampiric Draining        Necr           27%        2d7       4%          3
 Animate Armour           Summ/Erth      54%        N/A       16%         4
 Metabolic Englaciation   Hex/Ice        13%        N/A       41%         5
 Sculpt Simulacrum        Ice/Alch       13%        N/A       94%         6
 Lehudib's Crystal Spear  Conj/Erth      13%        10d5      100%        8


Dungeon Overview and Level Annotations

Branches:
Dungeon (10/15)            Temple (1/1) D:7             Orc (0/2) D:10
   Lair: D:8-11

Altars:
Ashenzari
Cheibriados
Dithmenos
Elyvilon
Gozag
Hepliaklqana
Kikubaaqudgha
Makhleb
Nemelex Xobeh
Okawaru
Qazlal
Ru
Sif Muna
Trog
Uskayaw
Vehumet
Wu Jian
Xom
Yredelemnul
Zin
The Shining One

Shops:
D:5 (   D:9 *

Annotations:
D:1 1 runed translucent door
D:10 2 transporters, Ukhluk's ghost, journeyman TrMo


Innate Abilities, Weirdness & Mutations

You have very sharp teeth.
Your uncanny sense of smell can sniff out nearby items.
Your experience applies equally to all skills.


Message History

You reach to attack!
You hit the orc priest. You drain the orc priest.
You kill the orc priest!
Vehumet accepts your kill. Something hits you. Something barely misses you.
Okay, then.
There is a strange disturbance nearby!
You barely miss something. You barely miss something. Something hits you!
* * * LOW HITPOINT WARNING * * *
Something bites you but does no damage.
Unknown command.
You feel much better. Something hits you. Something bites you.
Something draws strength from your injuries!
You hit something but do no damage. Something barely misses you. x2
You hit something but do no damage. Something hits you. Something bites you!
* * * LOW HITPOINT WARNING * * *
Something draws strength from your injuries!
Casting: Static Discharge (safe; 1% risk of failure)
Confirm with . or Enter, or press ? or * to list all spells.
Something is struck by an arc of lightning.
You are struck by an arc of lightning.
Something is struck by an arc of lightning.
The lightning grounds out.
Something hits you.
* * * LOW HITPOINT WARNING * * *
Something bites you but does no damage.
Unknown command.
You miss something. Your bite misses something. Something barely misses you.
Something bites you but does no damage.
You barely miss something. You punch something.
You hit something but do no damage. Something barely misses you.
Something bites you but does no damage.
You miss something. Something closely misses you. Something bites you.
* * * LOW HITPOINT WARNING * * *
Something draws strength from your injuries!
You completely miss something. Something draws life force from you!
* * * LOW HITPOINT WARNING * * *
It was a potion of berserk rage.
A red film seems to cover your vision as you go berserk!
You feel yourself moving faster!
You feel mighty! Something hits you.
You die...

#.##..#..##..#.###
.....#.###.##..##8~..~.
....#.# #.###..##~.~$.
...#+###.# ##..##$###
......#.## #...##...
.....#..# #.#..#### )).
##.###.##..... #{#
##..##.###.... #@#
#..........###
#.###.#..#.#####
#..........##
######..###..####
........####....## #
#######.#...###..#
#.##. #.#...# ##.#
#....########.#...#
#.##
#.............#...#
#...


There were no monsters in sight!

Vanquished Creatures
  Gastronok (D:8)
  2 two-headed ogres
  Pikel (D:7)
  An unseen horror zombie (D:8)
  4 trolls
  Prince Ribbit (D:6)
  Sigmund (D:2)
  A wraith (D:9)
  An acid dragon (D:8)
  A water moccasin (D:5)
  An orc warrior (D:8)
  3 sky beasts
  3 ogres
  3 black bears
  An ice beast (D:5)
  3 phantoms
  6 centaurs
  A lemure (D:7)
  6 kobold brigands
  7 bullfrogs
  4 necrophages (D:8)
  2 gnoll sergeants
  2 scorpions (D:5)
  2 wights (D:8)
  8 killer bees
  An electric eel (D:8)
  A human zombie (D:8)
  A jelly (D:6)
  A centaur zombie (D:8)
  5 bombardier beetles
  6 hounds
  6 orc priests
  A sleepcap (D:5)
  3 iguanas
  5 orc wizards
  Terence (D:2)
  2 mummies (D:8)
  A howler monkey zombie (D:8)
  23 gnolls
  10 adders
  A shadow imp (D:7)
  A white imp (D:4)
  2 dart slugs
  2 ribbon worms
  35 orcs
  6 endoplasms
  7 giant cockroaches
  7 goblins
  9 hobgoblins
  5 jackals
  2 quokkas
  3 training dummies (D:5)
  A ball python (D:2)
  6 bats
  7 frilled lizards
  27 kobolds
  8 rats
262 creatures vanquished.

Notes
Turn   | Place    | Note
-------+----------+-------------------------------------------
     0 | D:1      | Aviak the Gnoll Air Elementalist began the quest for the
                  | Orb.
     0 | D:1      | Reached XP level 1. HP: 13/13 MP: 6/6
     2 | D:1      | Found a runed translucent door.
     2 | D:1      | Noticed a jelly
   215 | D:1      | Reached XP level 2. HP: 19/19 MP: 2/7
   877 | D:1      | Reached skill level 5 in Spellcasting
   877 | D:1      | Reached XP level 3. HP: 25/25 MP: 3/9
  1099 | D:2      | Noticed Sigmund
  1107 | D:1      | Learned a level 2 spell: Static Discharge
  1111 | D:1      | Learned a level 3 spell: Swiftness
  1288 | D:3      | Reached skill level 1 in Invocations
  1448 | D:3      | Reached skill level 1 in Fighting
  1448 | D:3      | Reached skill level 1 in Short Blades
  1448 | D:3      | Reached skill level 1 in Long Blades
  1448 | D:3      | Reached skill level 1 in Axes
  1448 | D:3      | Reached skill level 1 in Maces & Flails
  1448 | D:3      | Reached skill level 1 in Polearms
  1448 | D:3      | Reached skill level 1 in Staves
  1448 | D:3      | Reached skill level 1 in Ranged Weapons
  1448 | D:3      | Reached skill level 1 in Throwing
  1448 | D:3      | Reached skill level 1 in Armour
  1448 | D:3      | Reached skill level 1 in Shields
  1448 | D:3      | Reached skill level 1 in Unarmed Combat
  1448 | D:3      | Reached skill level 1 in Evocations
  1479 | D:3      | Reached skill level 1 in Hexes
  1479 | D:3      | Reached skill level 1 in Summonings
  1479 | D:3      | Reached skill level 1 in Necromancy
  1479 | D:3      | Reached skill level 1 in Translocations
  1479 | D:3      | Reached skill level 1 in Fire Magic
  1479 | D:3      | Reached skill level 1 in Ice Magic
  1479 | D:3      | Reached skill level 1 in Earth Magic
  1479 | D:3      | Reached skill level 1 in Alchemy
  1479 | D:3      | Reached skill level 1 in Shapeshifting
  1479 | D:3      | Reached XP level 4. HP: 12/32 MP: 1/11
  1612 | D:3      | Found a stormy altar of Qazlal.
  2216 | D:2      | Killed Sigmund
  2217 | D:2      | Reached skill level 5 in Dodging
  2217 | D:2      | Reached XP level 5. HP: 23/38 MP: 1/12
  2217 | D:2      | Reached XP level 6. HP: 27/44 MP: 1/14
  2489 | D:2      | Noticed Terence
  2495 | D:2      | Killed Terence
  2838 | D:2      | Found a faded altar of an unknown god.
  3179 | D:4      | HP: 2/44 [poisoned by an orc wizard]
  3413 | D:4      | Noticed a black bear
  3423 | D:4      | Killed a black bear
  3424 | D:4      | Reached XP level 7. HP: 24/51 MP: 3/15
  3598 | D:4      | Learned a level 4 spell: Airstrike
  3797 | D:4      | Reached skill level 5 in Stealth
  4494 | D:4      | Found a hazy altar of Hepliaklqana.
  4697 | D:4      | Found a sacrificial altar of Ru.
  4707 | D:4      | Reached XP level 8. HP: 52/58 MP: 11/16
  4930 | D:5      | Entered Level 5 of the Dungeon
  5836 | D:5      | Found an ancient bone altar of Kikubaaqudgha.
  6530 | D:5      | Learned a level 3 spell: Ozocubu's Armour
  6705 | D:5      | Reached XP level 9. HP: 43/65 MP: 11/18
  7084 | D:5      | Found Docouvyst's Firing Range.
  7088 | D:5      | Bought a +2 hand cannon of freezing for 274 gold pieces
  7418 | D:6      | Found a glowing silver altar of Zin.
  7779 | D:6      | Noticed Prince Ribbit
  7791 | D:6      | Killed Prince Ribbit
  7850 | D:6      | Reached skill level 5 in Invocations
  8094 | D:7      | Found a hide-covered altar of Uskayaw.
  8162 | D:7      | Noticed Pikel
  8172 | D:7      | Killed Pikel
  8415 | D:7      | Found a sparkling altar of Nemelex Xobeh.
  8534 | D:7      | Found a staircase to the Ecumenical Temple.
  8550 | Temple   | Entered the Ecumenical Temple
  8556 | Temple   | Became a worshipper of Vehumet
  8607 | D:7      | Reached skill level 5 in Fighting
  8607 | D:7      | Reached skill level 5 in Short Blades
  8607 | D:7      | Reached skill level 5 in Long Blades
  8607 | D:7      | Reached skill level 5 in Axes
  8607 | D:7      | Reached skill level 5 in Maces & Flails
  8607 | D:7      | Reached skill level 5 in Polearms
  8607 | D:7      | Reached skill level 5 in Staves
  8607 | D:7      | Reached skill level 5 in Ranged Weapons
  8607 | D:7      | Reached skill level 5 in Throwing
  8607 | D:7      | Reached skill level 5 in Armour
  8607 | D:7      | Reached skill level 5 in Shields
  8607 | D:7      | Reached skill level 5 in Unarmed Combat
  8607 | D:7      | Reached skill level 5 in Evocations
  8611 | D:7      | Reached XP level 10. HP: 7/74 MP: 6/20
  9186 | D:7      | Found an opulent altar of Gozag.
  9616 | D:8      | Noticed Gastronok
  9629 | D:8      | Killed Gastronok
  9630 | D:8      | Reached skill level 5 in Conjurations
  9630 | D:8      | Reached skill level 5 in Shapeshifting
  9905 | D:8      | Found a basalt altar of Yredelemnul.
 10111 | D:8      | Reached * piety under Vehumet
 10111 | D:8      | Offered knowledge of Freeze by Vehumet.
 11264 | D:8      | Found a snail-covered altar of Cheibriados.
 11422 | D:9      | HP: 2/76 [troll (6)]
 11425 | D:9      | Reached skill level 5 in Hexes
 11425 | D:9      | Reached skill level 5 in Summonings
 11425 | D:9      | Reached skill level 5 in Necromancy
 11425 | D:9      | Reached skill level 5 in Translocations
 11425 | D:9      | Reached skill level 5 in Fire Magic
 11425 | D:9      | Reached skill level 5 in Ice Magic
 11425 | D:9      | Reached skill level 5 in Earth Magic
 11425 | D:9      | Reached skill level 5 in Alchemy
 11425 | D:9      | Reached XP level 11. HP: 16/81 MP: 2/22
 11626 | D:9      | Learned a level 3 spell: Confusing Touch
 11646 | D:9      | Found a shadowy altar of Dithmenos.
 11702 | D:9      | Found Erihikk's Mayhem Merchandise.
 11706 | D:9      | Identified the +7 spear "Lulej" {drain, ^Drain Fly rPois
                  | Will++}
 11707 | D:9      | Reached ** piety under Vehumet
 11709 | D:9      | Offered knowledge of Mercury Vapours by Vehumet.
 11721 | D:9      | Learned a level 2 spell: Mercury Vapours
 11855 | D:9      | Noticed a two-headed ogre
 11867 | D:9      | Killed a two-headed ogre
 12832 | D:10     | Entered Level 10 of the Dungeon
 12836 | D:10     | Found a staircase to the Orcish Mines.
 13026 | D:10     | Noticed a centaur warrior
 13028 | D:10     | Found a transporter.
 13316 | D:10     | Offered knowledge of Frozen Ramparts by Vehumet.
 13452 | D:10     | Found a transporter.
 13453 | D:10     | Noticed Ukhluk's ghost (journeyman TrMo)
 13453 | D:10     | Noticed a white ugly thing
 13689 | D:10     | Noticed a two-headed ogre
 13698 | D:10     | Killed a two-headed ogre
 13719 | D:10     | HP: 2/83 [something (15)]
 13720 | D:10     | Slain by a vampire

Illustrated notes

Levels and vault maps discovered:
D:1:      dpeg_arrival_caged_fury, layout_loops_ring, minmay_door_square,
          minmay_misc_feat_tiny
D:2:      layout_basic, hellmonk_ecumenical_altar_defaced_shrine, uniq_terence,
          uniq_sigmund
D:3:      layout_basic, lemuel_round_altar
D:4:      minmay_chambers_of_fours, layout_basic, lemuel_round_altar,
          nzn_hepliaklqana_mist_gate, minivault_27
D:5:      layout_loops_corners, kiku_gazebo_garden_becter,
          nicolae_shop_firing_range
D:6:      layout_basic, zin_treasury, hex_medium, uniq_prince_ribbit1
D:7:      layout_loops_corners, kennysheep_mini_moat,
          mainiacjoe_overflow_alcove_2,
          mainiacjoe_overflow_concentric_impassable,
          minmay_temple_entry_large_hall, kennysheep_dice, uniq_pikel
D:8:      layout_loops_ring, lemuel_mausoleum_altar_yredelemnul, slow_altar_2,
          kennysheep_cluttered_room, uniq_gastronok
D:9:      layout_basic, nicolae_dithmenos_shadow_blocks, minmay_shop_mayhem
D:10:     hellmonk_paralyzer, layout_basic, fedhas_bush_and_centaur_altar,
          orc_0_dummy, nzn_ghost_randoct, abandoned_shop
Temple:   eino_wide_crystal_templ

Skill      XL: |  1  2  3  4  5  6  7  8  9 10 11 |
---------------+----------------------------------+-----
Conjurations   | 2 3 4 5 |  5.9
Spellcasting   | 5 6 7 8 |  8.3
Invocations    | 1 2 3 4 5 6 7 |  7.1
Fighting       | 1 2 3 4 5 6 |  6.5
Short Blades   | 1 2 3 4 5 6 |  6.5
Long Blades    | 1 2 3 4 5 6 |  6.5
Axes           | 1 2 3 4 5 6 |  6.5
Maces & Flails | 1 2 3 4 5 6 |  6.5
Polearms       | 1 2 3 4 5 6 |  6.5
Staves         | 1 2 3 4 5 6 |  6.5
Ranged Weapons | 1 2 3 4 5 6 |  6.5
Throwing       | 1 2 3 4 5 6 |  6.5
Armour         | 1 2 3 4 5 6 |  6.5
Shields        | 1 2 3 4 5 6 |  6.5
Unarmed Combat | 1 2 3 4 5 6 |  6.5
Evocations     | 1 2 3 4 5 6 |  6.5
Hexes          | 1 2 3 4 5 |  5.4
Summonings     | 1 2 3 4 5 |  5.4
Necromancy     | 1 2 3 4 5 |  5.4
Translocations | 1 2 3 4 5 |  5.4
Fire Magic     | 1 2 3 4 5 |  5.4
Ice Magic      | 1 2 3 4 5 |  5.4
Earth Magic    | 1 2 3 4 5 |  5.4
Alchemy        | 1 2 3 4 5 |  5.4
Shapeshifting  | 1 2 3 4 5 |  5.9
Dodging        | 5 6 7 8 |  8.0
Stealth        | 5 6 7 |  7.8
Air Magic      | 6 7 |  7.8

Action                     |  1- 3 |  4- 6 |  7- 9 | 10-12 || total
---------------------------+-------+-------+-------+-------++-------
  Melee: Unarmed           |     4 |       |       |       ||     4
         Whip              |    16 |    73 |       |       ||    89
         Bite              |     3 |     9 |     5 |     5 ||    22
         Hand axe          |       |    10 |    73 |       ||    83
         Punch             |       |     2 |     2 |     1 ||     5
         Spear             |       |       |       |    49 ||    49
   Fire: Hand cannon       |       |       |    59 |    96 ||   155
   Cast: Shock             |    64 |     6 |    34 |    37 ||   141
         Static Discharge  |     6 |    29 |    97 |    83 ||   215
         Airstrike         |       |       |     1 |     3 ||     4
         Ozocubu's Armour  |       |       |       |     2 ||     2
         Mercury Vapours   |       |       |       |    28 ||    28
    Use: Scroll            |       |     3 |       |       ||     3
         Potion            |       |       |     2 |     4 ||     6
   Stab: Sleeping          |     1 |     9 |     6 |     1 ||    17
         Distracted        |       |       |     1 |       ||     1
 Armour: Robe              |    19 |    80 |   207 |    88 ||   394
         Acid dragon scale |       |       |       |   117 ||   117
         Troll leather arm |       |       |       |    10 ||    10
  Dodge: Dodged            |    23 |    66 |   116 |   183 ||   388
